 Dungeon Crawl Stone Soup version 0.32-a0-673-g3729bd50f8 (webtiles) character file.

Game seed: 15629596719474504368

266 ezpacito the Chopper (level 6, 48/48 HPs)
             Began as a Coglin Chaos Knight on Mar 10, 2024.
             Was a Plaything of Xom.
             Quit the game on level 3 of the Dungeon.
             The game lasted 00:02:39 (2471 turns).

ezpacito the Chopper (Coglin Chaos Knight)          Turns: 2471, Time: 00:02:39

Health: 48/48      AC: 12    Str: 13    XL:     6   Next: 20%
Magic:  7/7        EV:  7    Int: 14    God:    Xom [...*..]
Gold:   125        SH:  0    Dex: 16    Spells: 7/7 levels left

rFire   . . .        a - +0 hand axe (freeze) {Therese}
rCold   . . .        f - +2 dagger (vamp) {Yeongsuk}
rNeg    . . .        d - +1 chain mail
rPois   .            (no helmet)
rElec   .            (no cloak)
rCorr   .            (no gloves)
SInv    .            (no boots)
Will    .....        (amulet unavailable) Stlth
                     (ring unavailable)
HPRegen 0.28/turn    (ring unavailable)
MPRegen 0.10/turn    (no gizmo)

%: clarity
@: no status effects
A: off-hand wielding, slow wielding, warmup strikes, no jewellery, iridescent
scales 1, agile 1, clarity, clever 1
a: Invent Gizmo, Renounce Religion


You were on level 3 of the Dungeon.
You worshipped Xom.
You were a favourite toy of Xom.
You visited 1 branch of the dungeon, and saw 3 of its levels.

You collected 125 gold pieces.

Inventory:

Hand Weapons
 a - a +0 hand axe of freezing (weapon) {Therese}
 f - a +2 vampiric dagger (offhand) {Yeongsuk}
Missiles
 k - 4 poisoned darts (quivered)
Armour
 d - a +1 chain mail (worn)
 e - a +0 helmet
Wands
 b - a wand of roots (7)
Scrolls
 c - a scroll of butterflies
 n - a scroll of enchant armour
 p - a scroll of blinking {unknown}
 t - 4 scrolls of teleportation
Potions
 g - a potion of heal wounds {unknown}
 h - 2 potions of enlightenment
 j - 2 potions of lignification
 l - a potion of magic {unknown}
 m - a potion of brilliance {unknown}


   Skills:
 * Level 3.9 Fighting
 * Level 3.9(4.1) Axes
 + Level 1.4(2.7) Polearms
 * Level 2.7 Armour
 * Level 2.2 Dodging
 + Level 1.4 Stealth
 + Level 1.1 Spellcasting


You had 7 spell levels left.
You didn't know any spells.
Your spell library contained the following spells:

 Spells                   Type           Power      Damage    Failure   Level
 Ensorcelled Hibernation  Hex/Ice        0%         N/A       100%        2
 Passwall                 Erth           0%         N/A       100%        3
 Swiftness                Air            0%         N/A       100%        3


Dungeon Overview and Level Annotations

Branches:
Dungeon (3/15)

Altars:
Qazlal

Shops:
D:1 =


Innate Abilities, Weirdness & Mutations

You can wield a second weapon in your off-hand.
It takes a long time for you to wield or remove held weapons.
Your first few attacks do less damage.
You cannot equip rings or amulets.
You are partially covered in iridescent scales. (AC +2)
You are agile. (Dex +4, Str/Int -1)
You possess an exceptional clarity of mind.
Your mind is acute. (Int +4, Str/Dex -1)


Message History

An endoplasm is nearby!
You hit the endoplasm but do no damage.
The endoplasm is poisoned.
You barely miss the endoplasm with your +2 vampiric dagger. "You need some minor adjustments, mortal!"
Your body is suffused with distortional energy.
You feel agile.
Iridescent scales grow over part of your body.
Your thoughts seem clearer.
You feel clever.
The endoplasm hits you but does no damage.
You hit the endoplasm with your +2 vampiric dagger.
The endoplasm is heavily wounded.
You hit the endoplasm with your +0 hand axe of chaos.
You burn the endoplasm.
You kill the endoplasm!
Your butterfly disappears in a puff of smoke!
You swap places.
You swap places.
You swap places.
There is a stone staircase leading down here.
You see here 7 stones.
You see here a bat skeleton.
You see here an adder skeleton.
You are now a favourite toy of Xom.
Found a stormy altar of Qazlal.
You see here 7 stones.
You see here a +0 club.
Done exploring.
Done exploring.
Search for what [Enter for ":2", or ? for help]? :3 Unknown command.
As you read the scroll labelled PAOZYR JIAVVOKH, it crumbles to dust.
It is a scroll of identify.
j - 2 potions of lignification
As you read the scroll of identify, it crumbles to dust.
h - 2 potions of enlightenment
As you read the scroll labelled UTHRAC LUKHLYATH, it crumbles to dust.
It is a scroll of brand weapon.
Your +0 hand axe of chaos {Therese} is covered with a thin layer of ice!
a - a +0 hand axe of freezing (weapon)
{Therese} Are you sure you want to abandon this character and quit the game? (Confirm with "yes".)

########### #.........#
#########
##.#######@###.......######
####.................).......(
#.............#########.######
#.##..##.####.# #.# #.##..##.#
#.# ######.## #
#.##..##.####.# #.......#####
#.#...........# #.#.รท........
#.#.#.#######.# #.#.#########
#.#)#.# #.# #.#.# #


There were no monsters in sight!

Vanquished Creatures
  2 scorpions (D:3)
  A gnoll (D:3)
  4 adders
  2 dart slugs (D:1)
  2 ribbon worms (D:2)
  An orc (D:3)
  3 ball pythons
  7 endoplasms
  2 giant cockroaches
  5 goblins
  5 hobgoblins
  7 jackals (D:1)
  6 kobolds
  2 quokkas (D:2)
  7 bats
  3 frilled lizards
  2 rats (D:1)
61 creatures vanquished.

Vanquished Creatures (collateral kills)
  2 orc priests (D:3)
  3 gnolls (D:3)
  3 orcs (D:3)
8 creatures vanquished.

Vanquished Creatures (others)
  A giant cockroach (D:3)
1 creature vanquished.

Grand Total: 70 creatures vanquished

Notes
Turn   | Place    | Note
-------+----------+-------------------------------------------
     0 | D:1      | ezpacito the Coglin Chaos Knight began the quest for the
                  | Orb.
     0 | D:1      | Reached XP level 1. HP: 18/18 MP: 1/1
   129 | D:1      | Found a faded altar of an unknown god.
   231 | D:1      | Reached skill level 1 in Dodging
   255 | D:1      | Reached XP level 2. HP: 13/24 MP: 2/2
   313 | D:1      | XOM: silly message
   396 | D:1      | Found Bojed's Jewellery Emporium.
   592 | D:1      | Reached XP level 3. HP: 29/29 MP: 3/3
   603 | D:1      | XOM: silly message
   660 | D:1      | XOM is BORED!
   660 | D:1      | XOM: noise
   732 | D:1      | XOM: silly message
   785 | D:1      | XOM: silly message
   862 | D:1      | XOM: divination: detect items
   975 | D:2      | XOM: stealth player
  1245 | D:2      | XOM: god gift: scroll labelled VODETEO VAQOH {god gift}
  1398 | D:2      | Reached XP level 4. HP: 33/35 MP: 4/4
  1425 | D:2      | Reached skill level 1 in Stealth
  1529 | D:2      | XOM: 7-stop teleportation journey
  1541 | D:3      | XOM: summons 4 friendly demons
  1543 | D:3      | Reached skill level 1 in Polearms
  1550 | D:3      | Reached XP level 5. HP: 41/41 MP: 4/6
  1912 | D:3      | Reached skill level 1 in Spellcasting
  1912 | D:3      | Reached XP level 6. HP: 48/48 MP: 7/7
  2259 | D:3      | XOM: scenery: summon butterflies
  2277 | D:3      | XOM: give mutations
  2277 | D:3      | Gained mutation: You are agile. (Dex +4, Str/Int -1) [Xom's
                  | grace]
  2277 | D:3      | Gained mutation: You are partially covered in iridescent
                  | scales. (AC +2) [Xom's grace]
  2277 | D:3      | Gained mutation: You possess an exceptional clarity of
                  | mind. [Xom's grace]
  2277 | D:3      | Gained mutation: Your mind is acute. (Int +4, Str/Dex -1)
                  | [Xom's grace]
  2442 | D:3      | Found a stormy altar of Qazlal.
  2471 | D:3      | Quit the game

Illustrated notes

Levels and vault maps discovered:
D:1:      minmay_arrival_doors, layout_basic, shapermc_ecumenical_altar_pompeii,
          serial_shops, nicolae_shop_gibbet_a_chance, grunt_decor_arrowhead,
          minmay_misc_feat_doors, st_stairs_7
D:2:      layout_rooms, minmay_stone_trees_small
D:3:      layout_loops_ring, nicolae_qazlal_eye_of_the_storm,
          minmay_fractal_squares_gapless_5

Skill      XL: |  1  2  3  4  5 |
---------------+----------------+-----
Dodging        | 1 2 |  2.2
Armour         | 2 |  2.7
Stealth        | 1 |  1.4
Polearms       | 1 |  1.4
Spellcasting   | 1 |  1.1
Fighting       | |  3.9
Axes           | |  3.9

Action                     |  1- 3 |  4- 6 || total
---------------------------+-------+-------++-------
  Melee: Hand axe          |    61 |    48 ||   109
         Dagger            |    63 |    48 ||   111
    Use: Scroll            |       |     7 ||     7
   Stab: Sleeping          |     2 |       ||     2
         Distracted        |       |     1 ||     1
         Confused          |       |     1 ||     1
 Armour: Leather armour    |    39 |     1 ||    40
         Chain mail        |       |    37 ||    37
  Dodge: Dodged            |    41 |    12 ||    53

Table legend: (Time is in decaauts)
 A = Elapsed time spent in this place.
 B = Non-inter-level travel time spent in this place.
 C = Inter-level travel time spent in this place.
 D = Time resting spent in this place.
 E = Time spent auto-exploring this place.
 F = Levels seen in this place.
 G = Mean time per level.
                   A        B        C        D        E       F      G
               +--------+--------+--------+--------+--------+-----+--------+
         Total |   2478 |   2436 |     42 |      8 |   2024 |   3 |  826.0 |
       Dungeon |   2478 |   2436 |     42 |      8 |   2024 |   3 |  826.0 |
               +--------+--------+--------+--------+--------+-----+--------+

Top non-repeatable levels by time:
     D:1: 977 daAuts
     D:3: 932 daAuts
     D:2: 568 daAuts
